 Dungeon Crawl Stone Soup version 0.22.1-6-g1668fe2 (webtiles) character file.

1918 Grubsy the Grappler (level 8, -10/111 HPs)
             Began as a Troll Berserker on Jan 21, 2019.
             Was a Priest of Trog.
             Mangled by a yak (17 damage)
             ... on level 6 of the Dungeon on Jan 23, 2019.
             The game lasted 00:56:35 (5417 turns).

Grubsy the Grappler (Troll Berserker)               Turns: 5417, Time: 00:56:36

Health: -10/111    AC:  7    Str: 32    XL:     8   Next: 95%
Magic:  7/7        EV: 12    Int:  3    God:    Trog [***...]
Gold:   255        SH:  0    Dex: 10    Spells: 7/7 levels left

rFire    . . .     SeeInvis .     - Unarmed
rCold    . . .     Gourm    +   (no shield)
rNeg     + . .     Faith    .   u - +2 robe {MR+}
rPois    .         Spirit   .   (helmet restricted)
rElec    .         Reflect  .   (no cloak)
rCorr    .         Harm     .   (gloves unavailable)
MR       +....     Rnd*Tele +   (boots unavailable)
Stlth    ..........             I - amulet of the gourmand
HPRegen  0.68/turn              r - ring of teleportation (curse)
MPRegen  0.10/turn              A - ring of positive energy

@: berserking, very quick
A: large, unfitting armour, claws 3, fast metabolism 3, gourmand, regeneration
1, shaggy fur 1, tough skin 2
a: Berserk, Trog's Hand, Renounce Religion


You were on level 6 of the Dungeon.
You worshipped Trog.
Trog was most pleased with you.
You were hungry.

You visited 1 branch of the dungeon, and saw 6 of its levels.

You collected 255 gold pieces.

Inventory:

Hand Weapons
 p - a cursed -2 halberd
 x - a +2 dagger of draining
 E - a cursed -1 falchion
Missiles
 e - 7 poisoned needles
Armour
 u - a +2 robe of magic resistance (worn)
 F - a +2 robe of cold resistance
 L - a +0 cloak
Jewellery
 j - an uncursed ring of magical power {unknown}
 r - a cursed ring of teleportation (left claw)
 A - a ring of positive energy (right claw)
 B - an uncursed ring of fire {unknown}
 C - an uncursed ring of protection from cold {unknown}
 I - an amulet of the gourmand (around neck)
 K - a +3 ring of protection {unknown}
 M - a +4 ring of strength {unknown}
Wands
 d - a wand of disintegration (4)
 w - a wand of acid (6)
Scrolls
 f - a scroll of teleportation {unknown}
 h - 3 scrolls of remove curse {unknown}
 k - a scroll of amnesia {unknown}
 l - a scroll of enchant weapon {unknown}
 o - 10 scrolls of identify {unknown}
 q - 2 scrolls of enchant armour {unknown}
 t - a scroll of random uselessness {unknown}
 v - a scroll of immolation {unknown}
 y - 2 scrolls of magic mapping {unknown}
 H - 2 scrolls of fear {unknown}
Potions
 a - a potion of lignification {unknown}
 c - 2 potions of might {unknown}
 g - a potion of resistance {unknown}
 i - 2 potions of magic {unknown}
 m - 4 potions of ambrosia
 n - 3 potions of curing {unknown}
 s - a potion of agility {unknown}
 z - 4 potions of heal wounds {unknown}
 D - 3 potions of degeneration {unknown}
 G - 2 potions of mutation {unknown}
 J - a potion of brilliance {unknown}
Comestibles
 b - 7 rations
 N - 2 chunks of flesh


   Skills:
 - Level 2.6 Fighting
 + Level 5.9 Dodging
 - Level 10.1 Unarmed Combat


You had 7 spell levels left.
You didn't know any spells.
Your spell library was empty.

Dungeon Overview and Level Annotations

Branches:
Dungeon (6/15)             Temple (0/1) D:5

Altars:
Dithmenos
Fedhas
Gozag
Kikubaaqudgha
Makhleb
Ru
Sif Muna
Uskayaw
Vehumet
Wu Jian
Zin
The Shining One

Shops:
D:4 [


Innate Abilities, Weirdness & Mutations

You are too large for most types of armour.
You have claws for hands.
Your metabolism is lightning-fast.
You like to eat raw meat.
Your natural rate of healing is unusually fast.
You are covered in fur. (AC +1)
You have very tough skin. (AC +2)


Message History

The yak gores you!
* * * LOW HITPOINT WARNING * * *
The yak gores you!
* * * LOW HITPOINT WARNING * * *
The yak closely misses you.
You are too berserk!
You scratch the yak.
The yak is almost dead.
You mangle the yak!!
You kill the yak!
Trog accepts your kill. The yak gores you.
* * * LOW HITPOINT WARNING * * *
The yak closely misses you.
You claw the yak!
The yak is severely wounded.
You claw the yak!
The yak is almost dead.
The yak barely misses you. The yak gores you!
You die...

##...## #.#.#
##+## #.#.# ##.##
#.#.#.
##...######.....
#...............
###...###########
##......#
#######Y...(.##
.....OY@....##
#######.....#
##...## #####


You could see 2 yaks and an ogre.

Vanquished Creatures
  Grinder (D:3)
  3 yaks (D:6)
  Purgy (D:3)
  3 ice beasts
  A necrophage (D:5)
  A sky beast (D:6)
  Blork the orc (D:5)
  A scorpion (D:5)
  A crimson imp (D:5)
  A hound (D:4)
  4 orc priests
  Ijyb (D:3)
  An iguana (D:6)
  3 orc wizards
  3 worker ants
  6 gnolls
  6 adders
  A shadow imp (D:5)
  2 adder skeletons
  2 worms
  2 dart slugs
  3 leopard geckos
  18 orcs
  4 giant cockroaches
  11 goblins
  7 hobgoblins
  4 jackals (D:1)
  5 kobolds
  3 ball pythons
  8 bats
  3 frilled lizards
  10 rats
121 creatures vanquished.

Notes
Turn   | Place    | Note
-------+----------+-------------------------------------------
     0 | D:1      | Grubsy the Troll Berserker began the quest for the Orb.
     0 | D:1      | Reached XP level 1. HP: 22/22 MP: 0/0
   205 | D:1      | Reached XP level 2. HP: 26/29 MP: 1/1
   466 | D:1      | Reached ** piety under Trog
   512 | D:1      | Reached XP level 3. HP: 36/36 MP: 2/2
   635 | D:1      | Reached skill level 4 in Unarmed Combat
  1544 | D:2      | Found an ancient bone altar of Kikubaaqudgha.
  1548 | D:2      | Found a blossoming altar of Fedhas.
  1862 | D:2      | Reached XP level 4. HP: 15/44 MP: 3/3
  1927 | D:2      | Reached skill level 5 in Unarmed Combat
  2372 | D:3      | Noticed Ijyb
  2391 | D:3      | Killed Ijyb
  2391 | D:3      | Reached XP level 5. HP: 46/50 MP: 4/4
  2411 | D:3      | Noticed Purgy
  2428 | D:3      | Killed Purgy
  2428 | D:3      | Reached skill level 6 in Unarmed Combat
  2512 | D:3      | Reached XP level 6. HP: 23/59 MP: 5/5
  2617 | D:3      | Noticed Grinder
  2626 | D:3      | Killed Grinder
  2626 | D:3      | Reached skill level 7 in Unarmed Combat
  2626 | D:3      | Reached XP level 7. HP: 58/66 MP: 6/6
  2719 | D:3      | Found a shadowy altar of Dithmenos.
  2745 | D:3      | Found a deep blue altar of Sif Muna.
  2761 | D:3      | Found a radiant altar of Vehumet.
  2761 | D:3      | Found a hide-covered altar of Uskayaw.
  2782 | D:3      | Found an ornate altar of the Wu Jian Council.
  2883 | D:3      | Reached skill level 8 in Unarmed Combat
  2924 | D:3      | Reached *** piety under Trog
  3201 | D:3      | Found a glowing golden altar of the Shining One.
  3778 | D:4      | Found Feerah's Armour Boutique.
  3941 | D:5      | Entered Level 5 of the Dungeon
  4004 | D:5      | Found an opulent altar of Gozag.
  4012 | D:5      | Reached skill level 9 in Unarmed Combat
  4177 | D:5      | Reached XP level 8. HP: 74/74 MP: 7/7
  4228 | D:5      | Found a staircase to the Ecumenical Temple.
  4357 | D:5      | Noticed Blork the orc
  4367 | D:5      | Killed Blork the orc
  4367 | D:5      | Reached skill level 10 in Unarmed Combat
  4753 | D:6      | Found a sacrificial altar of Ru.
  5195 | D:6      | Found a glowing silver altar of Zin.
  5195 | D:6      | Found a burning altar of Makhleb.
  5196 | D:6      | Noticed an Executioner
  5196 | D:6      | Noticed an angel
  5333 | D:6      | Found a blossoming altar of Fedhas.
  5406 | D:6      | Reached skill level 5 in Dodging
  5417 | D:6      | Mangled by a yak

Skill      XL: |  1  2  3  4  5  6  7  8 |
---------------+-------------------------+-----
Unarmed Combat | 4 5 6 7 9 10 | 10.1
Dodging        | 5 |  5.9
Fighting       | |  2.6

Action                   |  1- 3 |  4- 6 |  7- 9 || total
-------------------------+-------+-------+-------++-------
Melee: Unarmed           |    64 |    52 |   139 ||   255
       Punch             |     4 |     1 |     4 ||     9
       Dagger            |    41 |    42 |       ||    83
Invok: Berserk           |     1 |     2 |     5 ||     8
       Trog's Hand       |       |     1 |       ||     1
  Use: Potion            |     1 |       |       ||     1
 Stab: Sleeping          |     1 |       |       ||     1
  Eat: Chunk             |    18 |    12 |    11 ||    41
       Ration            |     1 |       |     3 ||     4
Armor: Animal skin       |    11 |       |       ||    11
       Robe              |    25 |    36 |    44 ||   105
Dodge: Dodged            |    45 |    60 |    76 ||   181
